 Dungeon Crawl Stone Soup version 0.26-a0-504-g0cf647090d (webtiles) character file.

Game seed: 17160567823534920512

884 ANON1729 the Covert (level 8, -9/48 HPs)
             Began as a Kobold Brigand on Aug 8, 2020.
             Mangled by a gnoll sergeant
             ... wielding a +0 trident
              (13 damage)
             ... on level 5 of the Dungeon.
             The game lasted 00:08:55 (6462 turns).

ANON1729 the Covert (Kobold Brigand)                Turns: 6462, Time: 00:08:55

Health: -9/48      AC:  3    Str: 14    XL:     8   Next: 26%
Magic:  8/8        EV: 18    Int: 12    God:
Gold:   260        SH:  0    Dex: 24    Spells: 7/7 levels left

rFire    . . .     SeeInvis .   w - +3 war axe of Lowy {freeze, *Corrode rC+ Str+5}
rCold    + + .     Faith    .   (shield restricted)
rNeg     . . .     Spirit   .   b - +0 robe
rPois    .         Reflect  .   i - +0 helmet
rElec    .         Harm     .   c - +0 cloak
rCorr    .                      (no gloves)
MR       .....                  A - +2 pair of boots
Stlth    +++++.....             (no amulet)
HPRegen  0.16/turn              p - ring of protection from cold
MPRegen  0.11/turn              e - +6 ring of dexterity

@: corroded
A: small, nightstalker 3
a: no special abilities


You were on level 5 of the Dungeon.
You visited 1 branch of the dungeon, and saw 5 of its levels.

You collected 260 gold pieces.

Inventory:

Hand Weapons
 a - a +2 dagger
 w - the +3 war axe of Lowy (weapon) {freeze, *Corrode rC+ Str+5}
   (You found it on level 4 of the Dungeon)

   It has been specially enchanted to freeze those struck by it, causing extra
   injury to most foes and up to half again as much damage against particularly
   susceptible opponents.
   It can also slow down cold-blooded creatures.
   It affects your strength (+5).
   It protects you from cold.
   It may corrode you when you take damage.
Missiles
 d - 20 poisoned darts (quivered)
 y - a curare-tipped dart
Armour
 b - a +0 robe (worn)
 c - a +0 cloak (worn)
 i - a +0 helmet (worn)
 A - a +2 pair of boots (worn)
Jewellery
 e - a +6 ring of dexterity (right hand)
 p - a ring of protection from cold (left hand)
Scrolls
 f - 2 scrolls of amnesia {unknown}
 g - 4 scrolls of remove curse {unknown}
 h - 4 scrolls of identify {unknown}
 j - a scroll of enchant armour {unknown}
 k - 3 scrolls of fog {unknown}
 l - 2 scrolls of enchant weapon {unknown}
 o - 2 scrolls of blinking {unknown}
 t - a scroll of immolation {unknown}
 u - 2 scrolls of teleportation {unknown}
Potions
 m - a potion of ambrosia {unknown}
 n - a potion of cancellation {unknown}
 q - a potion of berserk rage {unknown}
 r - a potion of degeneration {unknown}
 s - a potion of haste {unknown}
 v - a potion of lignification {unknown}
 x - a potion of stabbing {unknown}
 z - a potion of invisibility {unknown}


   Skills:
 + Level 4.2 Fighting
 * Level 6.7 Short Blades
 + Level 4.3 Throwing
 + Level 4.1 Dodging
 * Level 8.3 Stealth


You had 7 spell levels left.
You didn't know any spells.
Your spell library contained the following spells:

 Spells                   Type           Power        Failure   Level
 Sandblast                Erth           #.....       32%         1
 Passwall                 Tmut/Erth      #.......     45%         2
 Stone Arrow              Conj/Erth      #.....       69%         3
 Petrify                  Tmut/Erth      #.......     97%         4
 Lee's Rapid Deconstruct  Erth           #.........   100%        5


Dungeon Overview and Level Annotations

Branches:
Dungeon (5/15)
 Temple: D:4-7

Altars:
Beogh

Annotations:
D:3 Grinder


Innate Abilities, Weirdness & Mutations

You are small and have problems with some larger weapons.
You are completely attuned to the shadows.


Message History

The gnoll sergeant is almost dead.
The gnoll sergeant hits you with a +0 trident.
You closely miss the gnoll sergeant.
The gnoll sergeant is almost dead.
The gnoll sergeant hits you with a +0 trident!
* * * LOW HITPOINT WARNING * * *
Your corrosive artefact corrodes you!
You hit the gnoll sergeant but do no damage.
The gnoll sergeant is almost dead.
The gnoll sergeant hits you with a +0 trident!
* * * LOW HITPOINT WARNING * * *
The gnoll sergeant misses you.
You aren't carrying any items that you can evoke.
You hit the gnoll sergeant but do no damage.
The gnoll sergeant is almost dead.
The gnoll sergeant closely misses you.
You barely miss the gnoll sergeant.
The gnoll sergeant is almost dead.
The gnoll sergeant hits you with a +0 trident!
You die...

#.####
#....##
#.[...#
#.....+
##...#
######.<..#
##....#......
#....).....##
#....@###+##
#..g)#
##....##
#.....(#
#......#
##'#####
##....#
#.....##
#......#


You could see a gnoll sergeant.

Vanquished Creatures
  Sigmund (D:3)
  The ghost of dogbrainedIDIOT the Slasher, an amateur KoBe of Trog (D:3)
  A bullfrog zombie (D:5)
  A hound (D:4)
  3 orc priests
  5 orc wizards
  3 worker ants (D:4)
  10 gnolls
  2 adders (D:2)
  An ufetubus (D:5)
  An ooze (D:1)
  A worm (D:3)
  4 dart slugs
  6 leopard geckos
  19 orcs
  8 bats
  6 giant cockroaches
  9 goblins
  10 hobgoblins
  7 jackals
  A quokka (D:3)
  2 ball pythons (D:3)
  6 frilled lizards
  A leopard gecko zombie (D:5)
  6 rats
115 creatures vanquished.

Notes
Turn   | Place    | Note
-------+----------+-------------------------------------------
     0 | D:1      | ANON1729 the Kobold Brigand began the quest for the Orb.
     0 | D:1      | Reached XP level 1. HP: 12/12 MP: 1/1
   101 | D:1      | Reached XP level 2. HP: 18/18 MP: 2/2
   391 | D:1      | Reached XP level 3. HP: 22/22 MP: 3/3
   898 | D:2      | Reached XP level 4. HP: 18/27 MP: 4/4
  2274 | D:3      | Noticed Grinder
  2361 | D:3      | Found a runed translucent gate.
  2795 | D:3      | Noticed Sigmund
  2811 | D:2      | Reached XP level 5. HP: 16/32 MP: 5/5
  3151 | D:3      | Reached skill level 6 in Stealth
  3584 | D:3      | Killed Sigmund
  3584 | D:3      | Reached skill level 5 in Short Blades
  3584 | D:3      | Reached XP level 6. HP: 9/37 MP: 6/6
  3948 | D:4      | Reached skill level 7 in Stealth
  4202 | D:4      | Reached XP level 7. HP: 5/41 MP: 7/7
  4216 | D:4      | HP: 2/41 [hound (1)]
  4540 | D:4      | Got a fine war axe
  4541 | D:4      | Identified the +3 war axe of Lowy {freeze, *Corrode rC+
                  | Str+5} (You found it on level 4 of the Dungeon)
  4990 | D:3      | Found a runed translucent gate.
  4991 | D:3      | Found a runed translucent gate.
  5003 | D:3      | Noticed dogbrainedIDIOT's ghost (amateur KoBe)
  5564 | D:5      | Entered Level 5 of the Dungeon
  5900 | D:3      | Killed dogbrainedIDIOT's ghost
  5900 | D:3      | Reached skill level 8 in Stealth
  5900 | D:3      | Reached XP level 8. HP: 33/48 MP: 8/8
  6107 | D:3      | Found a roughly hewn altar of Beogh.
  6462 | D:5      | Mangled by a gnoll sergeant

Illustrated notes

Levels and vault maps discovered:
D:1:      dpeg_arrival_prison, layout_basic, nrook_loot_triangle
D:2:      layout_basic, cheibrodos_gnoll_hut
D:3:      layout_loops_corners, biasface_ghost_orc_armoury, corexii_shack,
          uniq_grinder, uniq_sigmund
D:4:      layout_rooms
D:5:      layout_gridville, nicolae_overflow_crystal_walls,
          grunt_temple_overflow_open, lightli_temple_of_fire

Skill      XL: |  1  2  3  4  5  6  7  8 |
---------------+-------------------------+-----
Short Blades   | 3 4 5 6 |  6.7
Dodging        | 2 3 4 |  4.1
Throwing       | 3 4 |  4.3
Fighting       | 3 4 |  4.2
Stealth        | 6 7 8 |  8.3

Action                   |  1- 3 |  4- 6 |  7- 9 || total
-------------------------+-------+-------+-------++-------
Melee: Dagger            |    71 |   135 |    51 ||   257
       War axe           |       |       |    99 ||    99
Throw: Dart              |       |    20 |     2 ||    22
Evoke: Wand              |       |    10 |     8 ||    18
  Use: Potion            |       |     1 |     2 ||     3
 Stab: Sleeping          |    23 |    13 |     8 ||    44
       Distracted        |       |       |     3 ||     3
Armor: Robe              |     5 |    15 |    26 ||    46
Dodge: Dodged            |    31 |   109 |   155 ||   295

Table legend: (Time is in decaauts)
 A = Elapsed time spent in this place.
 B = Non-inter-level travel time spent in this place.
 C = Inter-level travel time spent in this place.
 D = Time resting spent in this place.
 E = Time spent auto-exploring this place.
 F = Levels seen in this place.
 G = Mean time per level.
                   A        B        C        D        E       F      G
               +--------+--------+--------+--------+--------+-----+--------+
         Total |   6459 |   6121 |    338 |   2397 |   2714 |   5 | 1291.8 |
       Dungeon |   6459 |   6121 |    338 |   2397 |   2714 |   5 | 1291.8 |
               +--------+--------+--------+--------+--------+-----+--------+

Top non-repeatable levels by time:
     D:3: 2155 daAuts
     D:2: 1803 daAuts
     D:4: 1479 daAuts
     D:1: 865 daAuts
     D:5: 154 daAuts
